 Dungeon Crawl Stone Soup version 0.29.1-2-gbd0b4ee654 (webtiles) character file.

Game seed: 13214973717176960140

112 wingedge the Changer (level 4, 0/49 HPs)
             Began as a Merfolk Transmuter on Nov 14, 2022.
             Was a Follower of Kikubaaqudgha.
             Killed from afar by Dowan (8 damage)
             ... with a shard of ice
             ... on level 4 of the Dungeon.
             The game lasted 00:11:05 (3701 turns).

wingedge the Changer (Merfolk Transmuter)           Turns: 3701, Time: 00:11:07

Health: 0/49       AC: 22    Str: 10    XL:     4   Next: 95%
Magic:  6/8        EV:  2    Int: 14    God:    Kikubaaqudgha [*.....]
Gold:   133        SH:  0    Dex: 14    Spells: 6/9 levels left

rFire   . . .      SeeInvis .     - Unarmed
rCold   . . .      Faith    .   (no shield)
rNeg    . . .      Spirit   .   (body armour currently unavailable)
rPois   +          Reflect  .   (helmet currently unavailable)
rElec   .          Harm     .   (cloak currently unavailable)
rCorr   .          Rampage  .   (gloves currently unavailable)
Will    .....      NoTele   +   (boots currently unavailable)
Stlth   +.........              (no amulet)
HPRegen 0.16/turn               (no ring)
MPRegen 0.11/turn               (no ring)

@: tree-form, wereblooded
A: stationary, stasis, torment immunity, boosted hp, (nimble swimmer 2),
(mertail)
a: Renounce Religion, Unearth Wretches


You were on level 4 of the Dungeon.
You worshipped Kikubaaqudgha.
Kikubaaqudgha was aware of your devotion.
You were a tree.
You visited 1 branch of the dungeon, and saw 4 of its levels.

You collected 147 gold pieces.
You spent 14 gold pieces at shops.

Inventory:

Missiles
 d - 6 poisoned darts
 i - 4 javelins (quivered)
 j - 5 boomerangs
 m - a throwing net
Armour
 a - a +0 robe
 c - a +0 pair of gloves (melded)
 n - a +0 leather armour of cold resistance (melded)
 u - a +1 pair of boots (melded)
Wands
 q - a wand of light (7)
Scrolls
 f - 3 scrolls of identify {unknown}
 o - 2 scrolls of teleportation {unknown}
 r - a scroll of vulnerability {unknown}
 s - a scroll of immolation {unknown}
 t - a scroll of amnesia {unknown}
Potions
 b - a potion of lignification
 e - a potion of berserk rage {unknown}
 g - 3 potions of curing {unknown}
 h - a potion of attraction {unknown}
 k - a potion of brilliance {unknown}
 l - a potion of mutation {unknown}
 p - a potion of might {unknown}


   Skills:
 - Level 2.0 Fighting
 - Level 3.0 Dodging
 - Level 3.2 Unarmed Combat
 - Level 3.3 Spellcasting
 + Level 4.6 Transmutations


You had 6 spell levels left.
You knew the following spells:

 Your Spells              Type           Power      Damage    Failure   Level
a - Beastly Appendage     Tmut           30%        N/A       3%          1
b - Wereblood             Tmut           15%        N/A       4%          2

Your spell library contained the following spells:

 Spells                   Type           Power      Damage    Failure   Level
 Passwall                 Tmut/Erth      6%         N/A       12%         2
 Necrotise                Necr           8%         1d4       21%         1
 Spider Form              Tmut/Pois      8%         N/A       24%         3
 Sublimation of Blood     Necr           2%         N/A       30%         2
 Ensorcelled Hibernation  Hex/Ice        4%         N/A       32%         2
 Swiftness                Air            2%         N/A       54%         3
 Ice Form                 Ice/Tmut       8%         N/A       63%         4
 Anguish                  Hex/Necr       1%         N/A       90%         4
 Animate Dead             Necr           2%         N/A       90%         4


Dungeon Overview and Level Annotations

Branches:
Dungeon (4/15)
 Temple: D:4-7

Altars:
Kikubaaqudgha
The Shining One

Shops:
D:1 ([!*!

Annotations:
D:4 Dowan


Innate Abilities, Weirdness & Mutations

You are a tree.
Your roots penetrate the ground, keeping you stationary.
You cannot be teleported.
You are immune to unholy pain and torment.
Your maximum health is greatly increased.
Your equipment is partially melded.
((You are very nimble when in or above water. (Stealth+, EV+, Speed+++)))
((Your lower body shifts to a powerful aquatic tail in water.))


Message History

Duvessa is heavily wounded.
The bolt of light hits Dowan!
Dowan is heavily wounded.
Dowan is blinded.
Duvessa hits you with a +0 short sword!
Aiming: Bolt of Light
Press: ? - help, Shift-Dir - straight line, f/p - Dowan
Aim: Dowan, wielding a +0 dagger, wearing a +0 robe and wearing an amulet of reflection (heavily wounded, blind, reflecting blocked projectiles, 60% to hit)
The bolt of light hits Duvessa!
Duvessa is severely wounded.
The bolt of light hits Dowan!
Dowan is severely wounded.
Duvessa barely misses you.
You hit Duvessa but do no damage. You headbutt Duvessa.
Duvessa is almost dead.
Dowan hits you but does no damage. Duvessa hits you with a +0 short sword!
* * * LOW HITPOINT WARNING * * *
Really quaff the potion of lignification?
Your horns disappear.
Your +1 pair of boots unmelds from your body.
You turn into a tree.
Your +0 pair of gloves melds into your body.
Your +1 pair of boots melds into your body.
Your +0 leather armour of cold resistance melds into your body.
You feel less resistant to cold.
Your roots penetrate the ground.
A hobgoblin comes into view.
Dowan gestures at you while chanting.
The puff of frost hits you but does no damage.
Duvessa hits you with a +0 short sword.
* * * LOW HITPOINT WARNING * * *
You barely miss Duvessa.
Duvessa is almost dead.
Dowan hits you but does no damage. Duvessa hits you but does no damage.
You smack Duvessa!
You feel a bit better.
You kill Duvessa!
Kikubaaqudgha accepts your kill.
Dowan's eyes darken. "You have made a black mistake."
Dowan gestures at you while chanting. The shard of ice hits you!
You die...
Kikubaaqudgha rasps: "You have failed me!
Welcome... death!"

#.# ##.# .#.# #..#
##### #..######
......###(......##
#)♣g.........
###e..####
.######...####.#
.................
#######.#.####.##
#.#... #.##### #.#
####.#


You could see Dowan (blind, reflecting) and a hobgoblin.

Vanquished Creatures
  Duvessa (D:4)
  4 adders
  2 adder zombies (D:2)
  An adder skeleton (D:2)
  3 worms (D:2)
  2 dart slugs
  A bat skeleton (D:2)
  7 endoplasms
  2 giant cockroaches
  2 goblins
  3 hobgoblins
  2 quokkas
  5 ball pythons
  A ball python skeleton (D:2)
  5 bats
  7 frilled lizards
  5 kobolds
  A quokka skeleton (D:2)
  3 rats
57 creatures vanquished.

Vanquished Creatures (others)
  A withered plant (D:2)
1 creature vanquished.

Grand Total: 58 creatures vanquished

Notes
Turn   | Place    | Note
-------+----------+-------------------------------------------
     0 | D:1      | wingedge the Merfolk Transmuter began the quest for the
                  | Orb.
     0 | D:1      | Reached XP level 1. HP: 15/15 MP: 3/3
   143 | D:1      | Found a faded altar of an unknown god.
   303 | D:1      | Found Giyj's Assorted Antiques.
   362 | D:1      | Found Nemo Huu's Antique Armour Shop.
   383 | D:1      | Found Farchauca's Distillery.
   399 | D:1      | Bought a potion of degeneration for 14 gold pieces
   450 | D:1      | Reached skill level 3 in Transmutations
   450 | D:1      | Reached XP level 2. HP: 17/21 MP: 3/5
   453 | D:1      | Learned a level 2 spell: Wereblood
   635 | D:1      | Found Iharoxze's Weapon Shoppe.
  1082 | D:1      | Found Nefaqal's Distillery.
  1125 | D:1      | Reached XP level 3. HP: 22/27 MP: 4/6
  1511 | D:2      | Found an ancient bone altar of Kikubaaqudgha.
  1521 | D:2      | Became a worshipper of Kikubaaqudgha
  1968 | D:2      | Reached XP level 4. HP: 30/33 MP: 5/8
  2471 | D:2      | Reached skill level 4 in Transmutations
  2740 | D:3      | Reached * piety under Kikubaaqudgha
  2740 | D:3      | Received a gift from Kikubaaqudgha
  3178 | D:3      | Found a glowing golden altar of the Shining One.
  3691 | D:4      | Noticed Duvessa
  3695 | D:4      | Noticed Dowan
  3701 | D:4      | Killed Duvessa
  3701 | D:4      | Killed from afar by Dowan

Illustrated notes

Levels and vault maps discovered:
D:1:      dpeg_arrival_boxorama, layout_loops_corners, serial_shops, shop,
          nicolae_shop_trees, shop_statue, shop,
          nicolae_shop_bloodbath_and_beyond, hellmonk_ecumenical_altar_run_dry
D:2:      layout_loops_ring, basic_altar, serial_undead, serial_undead_b,
          serial_undead_a, serial_undead_d, serial_undead_c, serial_undead_e,
          serial_undead_d, serial_undead_d
D:3:      layout_loops_ring, mainiacjoe_overflow_alcove_2
D:4:      layout_loops_ring, tgw_xom, gammafunk_temple_overflow_forgotten,
          trog_ov_bears_minmay, minmay_temple_entry_glassed_door,
          uniq_crazy_yiuf_cottage, uniq_duvessa

Skill      XL: |  1  2  3  4 |
---------------+-------------+-----
Dodging        | 3 |  3.0
Transmutations | 3 4 |  4.6
Fighting       | 2 |  2.0
Spellcasting   | 3 |  3.3
Unarmed Combat | |  3.2

Action                   |  1- 3 |  4- 6 || total
-------------------------+-------+-------++-------
Melee: Unarmed           |   109 |    75 ||   184
       Headbutt          |    24 |    19 ||    43
       Punch             |     4 |       ||     4
Throw: Javelin           |     7 |     6 ||    13
 Cast: Beastly Appendage |    22 |    14 ||    36
       Wereblood         |     5 |     7 ||    12
Evoke: Wand              |       |     4 ||     4
  Use: Potion            |       |     1 ||     1
 Stab: Sleeping          |       |     1 ||     1
Armor: Robe              |    17 |     1 ||    18
       Leather armour    |       |    21 ||    21
       Skin              |       |     3 ||     3
Dodge: Dodged            |    51 |    43 ||    94
